 Dungeon Crawl Stone Soup version 0.26.1-11-gd32895ea62 (webtiles) character file.

Game seed: 11900992830917241158

1619 nomophobia the Chopper (level 8, 0/61 (64) HPs)
             Began as a Demonspawn Berserker on May 24, 2021.
             Was a Priest of Trog.
             Slain by an ogre
             ... wielding a +0 giant club
              (11 damage)
             ... on level 6 of the Dungeon.
             The game lasted 00:37:15 (6023 turns).

nomophobia the Chopper (Demonspawn Berserker)       Turns: 6023, Time: 00:37:16

HP:   0/61 (64)     AC: 18    Str: 25    XL:     8   Next: 64%
MP:   8/8           EV:  8    Int: 10    God:    Trog [***...]
Gold: 304           SH:  0    Dex: 18    Spells: 7/7 levels left

rFire    + . .     SeeInvis .   a - +1 hand axe
rCold    . . .     Faith    .   (no shield)
rNeg     . . .     Spirit   .   j - +0 plate armour
rPois    .         Reflect  .   (helmet restricted)
rElec    .         Harm     .   o - +0 cloak {Will+}
rCorr    .         Rampage  .   n - +0 pair of gloves
Will     +....                  (no boots)
Stlth    ..........             g - amulet of the acrobat
HPRegen  0.20/turn              p - +6 ring of strength
MPRegen  0.11/turn              u - +6 ring of dexterity

@: berserk cooldown, slowed, lightly drained, very slow
A: horns 1, slimy green scales 2, fire resistance 1, flame cloud immunity
a: Renounce Religion, Berserk, Trog's Hand


You were on level 6 of the Dungeon.
You worshipped Trog.
Trog was most pleased with you.
You visited 1 branch of the dungeon, and saw 6 of its levels.

You collected 304 gold pieces.

Inventory:

Hand Weapons
 a - a +1 hand axe (weapon)
Armour
 j - a +0 plate armour (worn)
 n - a +0 pair of gloves (worn)
 o - a +0 cloak of willpower (worn)
Jewellery
 g - an amulet of the acrobat (around neck)
 p - a +6 ring of strength (left hand)
 t - a cursed -4 ring of dexterity
 u - a +6 ring of dexterity (right hand)
Wands
 k - a wand of flame (13)
Scrolls
 r - 3 scrolls of teleportation
 w - a scroll of fog
 x - a scroll of remove curse
 y - a scroll of enchant armour {unknown}
Potions
 b - a potion of magic {unknown}
 c - 3 potions of heal wounds {unknown}
 d - 2 potions of mutation {unknown}
 e - a potion of lignification {unknown}
 f - a potion of haste {unknown}
 h - 2 potions of curing {unknown}
 i - 2 potions of berserk rage {unknown}
 l - a potion of ambrosia {unknown}
 m - 3 potions of brilliance {unknown}
 q - a potion of cancellation {unknown}
 s - 2 potions of might {unknown}
 v - 2 potions of attraction {unknown}


   Skills:
 + Level 5.7 Fighting
 * Level 6.9 Axes
 * Level 6.5 Armour
 - Level 1.7 Dodging


You had 7 spell levels left.
You didn't know any spells.
Your spell library was empty.

Dungeon Overview and Level Annotations

Branches:
Dungeon (6/15)             Temple (0/1) D:5

Altars:
Dithmenos
Fedhas
Okawaru
Qazlal
Xom
Zin
The Shining One


Innate Abilities, Weirdness & Mutations

You have a pair of small horns on your head.
You are mostly covered in slimy green scales. (AC +3)
Your flesh is heat resistant. (rF+)
You are immune to clouds of flame.


Message History

You closely miss the wight. The wight hits you but does no damage.
The wight hits you with a +5 great sword.
You feel drained. The wight closely misses you.
You slash the wight!
You destroy the wight!
Trog accepts your kill.
You hit the wight but do no damage. You closely miss the wight.
The wight hits you with a +5 great sword.
The wight hits you with a cursed -2 battleaxe.
* * * LOW HITPOINT WARNING * * *
An ogre comes into view. It is wielding a +0 giant club.
The wight hits you but does no damage. The wight completely misses you.
Things that are here:
a cursed +5 great sword; a +0 robe; a howler monkey corpse You barely miss the wight.
You hit the wight.
The sentinel's mark upon you fades away.
The wight hits you with a +5 great sword!
* * * LOW HITPOINT WARNING * * *
The wight hits you but does no damage. The ogre hits you with a +0 giant club!
You die...

...# ...# ...# #
##...#.##
#........
#########........
#........<.......
#.......O#....###
#.....z@z#....#
#....†..†#....#
#......†......#
#......†.#......
#........#...##..
#........#...# ##
########## .# ##


You could see an ogre and 2 wights.

Vanquished Creatures
  Menkaure (D:4)
  Edmund (D:4)
  A sky beast (D:3)
  A phantom (D:4)
  4 ogres
  2 centaurs (D:5)
  2 bullfrogs (D:6)
  A wight (D:6)
  A howler monkey (D:6)
  A quasit (D:6)
  2 orc wizards
  Crazy Yiuf (D:2)
  A bullfrog skeleton (D:5)
  2 hounds (D:5)
  An orc priest (D:4)
  A worker ant (D:4)
  A hound zombie (D:5)
  2 hound skeletons
  A worker ant zombie (D:5)
  A howler monkey zombie (D:5)
  5 adders
  A white imp (D:6)
  2 ufetubi
  3 oozes
  An adder zombie (D:5)
  3 worms
  2 dart slugs (D:1)
  3 leopard geckos
  15 orcs
  2 ball pythons (D:1)
  4 bats
  8 giant cockroaches
  6 goblins (D:1)
  6 hobgoblins
  10 jackals
  3 kobolds (D:1)
  2 quokkas
  3 frilled lizards
  A leopard gecko skeleton (D:5)
  8 rats
116 creatures vanquished.

Vanquished Creatures (others)
  5 fungi (D:2)
5 creatures vanquished.

Grand Total: 121 creatures vanquished

Notes
Turn   | Place    | Note
-------+----------+-------------------------------------------
     0 | D:1      | nomophobia the Demonspawn Berserker began the quest for the
                  | Orb.
     0 | D:1      | Reached XP level 1. HP: 18/18 MP: 1/1
   110 | D:1      | Gained mutation: Your flesh is heat resistant. (rF+)
                  | [demonic ancestry]
   110 | D:1      | Reached XP level 2. HP: 24/24 MP: 2/2
   571 | D:1      | Gained mutation: You are partially covered in slimy green
                  | scales. (AC +2) [demonic ancestry]
   571 | D:1      | Reached XP level 3. HP: 22/29 MP: 3/3
   623 | D:1      | Reached ** piety under Trog
  2126 | D:2      | Gained mutation: You are immune to clouds of flame.
                  | [demonic ancestry]
  2126 | D:2      | Reached XP level 4. HP: 35/35 MP: 4/4
  2403 | D:2      | Found a runed translucent door.
  2404 | D:2      | Noticed Crazy Yiuf
  2412 | D:2      | Killed Crazy Yiuf
  2968 | D:3      | Found an iron altar of Okawaru.
  3795 | D:3      | Noticed a sky beast
  3811 | D:3      | Killed a sky beast
  3812 | D:3      | Gained mutation: You have a pair of small horns on your
                  | head. [demonic ancestry]
  3812 | D:3      | Reached XP level 5. HP: 35/42 MP: 5/5
  4385 | D:4      | Reached XP level 6. HP: 48/48 MP: 6/6
  4542 | D:4      | Found a glowing silver altar of Zin.
  4542 | D:4      | Found a stormy altar of Qazlal.
  4542 | D:4      | Found a blossoming altar of Fedhas.
  4542 | D:4      | Noticed Edmund
  4548 | D:4      | Killed Edmund
  4549 | D:4      | Reached skill level 5 in Axes
  4604 | D:4      | Gained mutation: You are mostly covered in slimy green
                  | scales. (AC +3) [demonic ancestry]
  4604 | D:4      | Reached XP level 7. HP: 55/55 MP: 7/7
  4718 | D:4      | Found a shimmering blue altar of Sif Muna.
  4721 | D:4      | Found a shimmering altar of Xom.
  4721 | D:4      | Found a stormy altar of Qazlal.
  4723 | D:4      | Found a glowing golden altar of the Shining One.
  4723 | D:4      | Found a shadowy altar of Dithmenos.
  4723 | D:4      | Found a glowing golden altar of the Shining One.
  4723 | D:4      | Noticed Menkaure
  4731 | D:4      | Killed Menkaure
  4732 | D:4      | Reached skill level 5 in Armour
  5278 | D:5      | Entered Level 5 of the Dungeon
  5294 | D:5      | Reached *** piety under Trog
  5299 | D:5      | Reached skill level 5 in Fighting
  5307 | D:5      | Reached XP level 8. HP: 62/62 MP: 8/8
  5674 | D:5      | Found a staircase to the Ecumenical Temple.
  6023 | D:6      | Slain by an ogre

Illustrated notes

Levels and vault maps discovered:
D:1:      eino_arrival_cavern_b, layout_loops_ring
D:2:      layout_loops_corners, due_unseen_surprise, uniq_crazy_yiuf_cottage
D:3:      layout_basic, minmay_misc_feat_tiny, kennysheep_okawaru_gauntlet
D:4:      layout_rooms, gammafunk_temple_overflow_claw, doesnt_xom_only_xom,
          uniq_edmund, uniq_menkaure
D:5:      layout_cave_pools, minmay_temple_entry_wispy, minivault_4,
          minmay_fractal_squares_diagonal_5
D:6:      layout_rooms, tso_metal_star, lemuel_crystal_altar,
          lightli_sewer_entry_pipes, serial_shops, shop

Skill      XL: |  1  2  3  4  5  6  7  8 |
---------------+-------------------------+-----
Armour         | 2 3 4 5 6 |  6.5
Axes           | 3 4 5 6 |  6.9
Fighting       | 4 5 |  5.7
Dodging        | |  1.7

Action                   |  1- 3 |  4- 6 |  7- 9 || total
-------------------------+-------+-------+-------++-------
Melee: Hand axe          |   129 |   159 |   123 ||   411
       Headbutt          |       |     7 |    46 ||    53
Invok: Berserk           |     1 |     4 |     4 ||     9
  Use: Scroll            |     6 |     5 |     1 ||    12
 Stab: Sleeping          |     1 |       |       ||     1
Armor: Animal skin       |    27 |       |       ||    27
       Scale mail        |     6 |    50 |       ||    56
       Plate armour      |       |    26 |    98 ||   124
Dodge: Dodged            |   110 |    76 |    66 ||   252
